 Dungeon Crawl Stone Soup version 0.28-a0-1213-g0243856f03 (webtiles) character file.

Game seed: 131935118414589445

211 vineage the Skirmisher (level 5, -2/35 HPs)
             Began as a Gargoyle Fighter on Dec 21, 2021.
             Slain by an ogre (31 damage)
             ... on level 3 of the Dungeon.
             The game lasted 00:03:36 (3322 turns).

vineage the Skirmisher (Gargoyle Fighter)           Turns: 3322, Time: 00:03:37

Health: -2/35      AC: 10    Str: 27    XL:     5   Next: 88%
Magic:  5/5        EV: 13    Int:  8    God:
Gold:   98         SH:  5    Dex: 11    Spells: 4/4 levels left

rFire   . . .      SeeInvis .   a - +0 flail
rCold   x . .      Faith    .   c - +1 buckler
rNeg    + . .      Spirit   .   b - +0 scale mail
rPois   ∞          Reflect  .   (no helmet)
rElec   +          Harm     .   (no cloak)
rCorr   .          Rampage  .   (no gloves)
Will    .....                   (no boots)
Stlth   ..........              (no amulet)
HPRegen 0.11/turn               f - ring of Fof Voeh {rC- EV+4 Str+7}
MPRegen 0.09/turn               (no ring)

@: no status effects
A: sickness immunity, AC +4, negative energy resistance 1, electricity
resistance, torment resistance 1, petrification resistance
a: no special abilities


You were on level 3 of the Dungeon.
You visited 1 branch of the dungeon, and saw 4 of its levels.

You collected 98 gold pieces.

Inventory:

Hand Weapons
 a - a +0 flail (weapon)
Armour
 b - a +0 scale mail (worn)
 c - a +1 buckler (worn)
Jewellery
 f - the ring of Fof Voeh (left hand) {rC- EV+4 Str+7}
   (You acquired it on level 1 of the Dungeon)

   [ring of evasion]

   EV:        It affects your evasion (+4).
   Str:       It affects your strength (+7).
   rC:        It makes you vulnerable to cold.
 l - an amulet of guardian spirit
Scrolls
 e - 2 scrolls of teleportation
 g - a scroll of immolation
 h - 5 scrolls of identify
 i - a scroll of magic mapping
 j - a scroll of amnesia
 n - a scroll of summoning {unknown}
 o - 3 scrolls of blinking {unknown}
 p - a scroll of enchant armour
Potions
 d - a potion of might
 k - a potion of magic {unknown}
 m - a potion of curing {unknown}


   Skills:
 + Level 5.4 Fighting
 + Level 4.4 Maces & Flails
 - Level 3.2 Armour
 - Level 3.2 Shields


You had 4 spell levels left.
You didn't know any spells.
Your spell library was empty.

Dungeon Overview and Level Annotations

Branches:
Dungeon (4/15)
 Temple: D:4-7

Altars:
Ru
Uskayaw
The Shining One

Shops:
D:2 !   D:3 [


Innate Abilities, Weirdness & Mutations

You are immune to sickness and miasma.
Your stone body is resilient. (AC +4)
You are immune to poison.
You resist negative energy. (rN+)
You are resistant to electric shocks. (rElec)
You are resistant to unholy torment.
You are immune to petrification.


Message History

There is an open door here.
There is an open door here.
There is an open door here.
There is an entrance to Zapust's Armour Shop here.
There is an open door here.
You see here 18 stones.
There is a stone staircase leading down here.
You climb downwards.
Found a scroll of teleportation.
There is a stone staircase leading up here.
There is a stone staircase leading up here.
You block the hobgoblin's attack.
There is a stone staircase leading up here.
The hobgoblin closely misses you.
You climb upwards.
There is a stone staircase leading down here.
You sock the hobgoblin!
You kill the hobgoblin!
You climb downwards.
You block the ogre's attack.
There is a stone staircase leading up here.
The ogre misses you.
You climb upwards.
There is a stone staircase leading down here.
You hit the ogre.
The ogre is moderately wounded.
The ogre hits you with a +0 giant spiked club!
You hit the ogre.
The ogre is moderately wounded.
The ogre closely misses you.
You hit the ogre but do no damage.
The ogre is moderately wounded.
The ogre misses you.
You hit the ogre.
The ogre is moderately wounded.
The ogre closely misses you.
You barely miss the ogre.
The ogre is moderately wounded.
The ogre hits you with a +0 giant spiked club!!
Ouch! That really hurt!
You die...

######### #.......# #.#####.#
###### #.#####.#########....###
#......O................
#########..####@.......(........
##..................##.###....###
#...#########...###<##.# #....###
#..##...##..###.######.# #.......
#..#.#.#.##...#......#.# #.......
...#.(#.((#._.'.####.#.# ##......
..)#.#(#(##...#.# ##.#.# #######
...##.((##..###.###..#.#
....#########.......##.# #####


You could see an ogre.

Vanquished Creatures
  A scorpion (D:3)
  A gnoll shaman (D:3)
  4 gnolls (D:3)
  3 adders (D:2)
  A worm (D:3)
  A dart slug (D:2)
  An orc (D:3)
  8 endoplasms
  4 giant cockroaches
  3 goblins
  5 hobgoblins
  3 jackals (D:1)
  4 quokkas
  5 ball pythons
  2 bats (D:1)
  A frilled lizard (D:2)
  4 kobolds
  4 rats
55 creatures vanquished.

Notes
Turn   | Place    | Note
-------+----------+-------------------------------------------
     0 | D:1      | vineage the Gargoyle Fighter began the quest for the Orb.
     0 | D:1      | Reached XP level 1. HP: 14/14 MP: 1/1
   147 | D:1      | Reached XP level 2. HP: 19/19 MP: 2/2
   594 | D:1      | Identified a scroll of acquirement
   594 | D:1      | Acquired the ring of Fof Voeh {rC- EV+4 Str+7}
   792 | D:2      | Reached XP level 3. HP: 22/24 MP: 3/3
   835 | D:2      | Reached skill level 4 in Fighting
  1168 | D:2      | Reached XP level 4. HP: 26/30 MP: 4/4
  1401 | D:2      | Found Ago Wuas's Distillery.
  1898 | D:3      | Found Zapust's Armour Shop.
  2195 | D:3      | Found a hide-covered altar of Uskayaw.
  2195 | D:3      | Noticed a +0 falchion
  2195 | D:3      | Noticed a +0 dagger
  2196 | D:3      | Noticed a +0 spear
  2196 | D:3      | Noticed a +0 dagger
  2197 | D:3      | Noticed a +0 falchion
  2197 | D:3      | Noticed a +0 spear
  2203 | D:3      | Noticed a +0 short sword
  2203 | D:3      | Noticed a +0 short sword
  2258 | D:3      | Found a sacrificial altar of Ru.
  2416 | D:3      | Found a glowing golden altar of the Shining One.
  2518 | D:3      | Noticed a scorpion
  2528 | D:3      | Killed a scorpion
  2529 | D:3      | Reached skill level 5 in Fighting
  2529 | D:3      | Reached XP level 5. HP: 24/35 MP: 5/5
  2996 | D:4      | Noticed an ogre
  3322 | D:3      | Slain by an ogre

Illustrated notes

Levels and vault maps discovered:
D:1:      psy_arrival_statuary, layout_basic
D:2:      layout_basic, serial_co_window_serial, co_window_corner_a,
          co_window_corner_a, co_window_corner_a, co_window_cross_1,
          co_window_paths_b, co_window_of_opportunity_a, co_window_2corner,
          co_window_corner_ca, co_window_2corner, co_window_4corner_a,
          glass_columns_a, serial_shops, nicolae_lakefront_shop
D:3:      layout_basic, nicolae_uskayaw_en_pointe, mainiacjoe_overflow_alcove_4,
          lemuel_doored_altar, serial_shops, shop,
          minmay_misc_feat_four_crosses, corexii_corridor_pit
D:4:      layout_rooms, kiku_gazebo_garden_becter, ebering_ghost_rock_garden,
          serial_shops, shop_fountains, nicolae_shop_self_help

Skill      XL: |  1  2  3  4 |
---------------+-------------+-----
Fighting       | 4 5 |  5.4
Maces & Flails | 3 4 |  4.4
Armour         | |  3.2
Shields        | |  3.2

Action                   |  1- 3 |  4- 6 || total
-------------------------+-------+-------++-------
Melee: Flail             |    97 |    84 ||   181
  Use: Scroll            |     2 |     4 ||     6
Armor: Scale mail        |    45 |    17 ||    62
Dodge: Dodged            |    50 |    44 ||    94
Block: Buckler           |    33 |    20 ||    53

Table legend: (Time is in decaauts)
 A = Elapsed time spent in this place.
 B = Non-inter-level travel time spent in this place.
 C = Inter-level travel time spent in this place.
 D = Time resting spent in this place.
 E = Time spent auto-exploring this place.
 F = Levels seen in this place.
 G = Mean time per level.
                   A        B        C        D        E       F      G
               +--------+--------+--------+--------+--------+-----+--------+
         Total |   3374 |   3087 |    287 |    319 |   2316 |   4 |  843.5 |
       Dungeon |   3374 |   3087 |    287 |    319 |   2316 |   4 |  843.5 |
               +--------+--------+--------+--------+--------+-----+--------+

Top non-repeatable levels by time:
     D:3: 1406 daAuts
     D:2: 1144 daAuts
     D:1: 786 daAuts
     D:4: 36 daAuts
